[Event "*** Monthly 3|2 Blitz Masters"]
[Site "Chess.com"]
[Date "2014.10.28"]
[Round "1"]
[White "ilmago"]
[Black "GMG"]
[Result "0-1"]
[WhiteElo "1718"]
[BlackElo "2278"]
[TimeControl "180+2"]
[EndTime "12:03:24 PDT"]
[Termination "GMG won by resignation"]

1. e4 c5 2. Nf3 e6 3. d4 cxd4 4.
Nxd4 a6 5. c4 Nf6 6. Nc3 Qc7 7.
Bd3 Nc6 8. Be3 Bb4 9. Qd2 Ne5 10. b3 Nfg4 11. Be2 Nxe3 12. Qxe3 Qa5 13. Kd2 Nc6 14.
Nxc6 bxc6 15. Kc2 O-O 16. f4 d5 17. exd5 cxd5 18. a3 Be7 19. b4 Qc7 20. c5 Bf6 21. g4 d4 22. Qf3 dxc3 23. Qxa8 Bb7 24. Qa7 Be4+ 0-1

[Event "*** Monthly 3|2 Blitz Masters"]
[Site "Chess.com"]
[Date "2014.10.28"]
[Round "1"]
[White "KingPetrosian"]
[Black "mat_kolosowski"]
[Result "0-1"]
[WhiteElo "2095"]
[BlackElo "2352"]
[TimeControl "180+2"]
[EndTime "12:05:17 PDT"]
[Termination "mat_kolosowski won by checkmate"]

1. e4 c5 2. Nf3 e6 3. d4 cxd4 4. Nxd4 Nc6 5. Be3 Nf6 6. Nc3 Bb4 7. Qd2 Nxe4 8. Qd3 Qa5 9. Nxc6 bxc6 10. Bd2 Nxd2 11.
Qxd2 d5 12. a3 O-O 13. O-O-O Bxa3 14. bxa3 Qxa3+ 15. Kb1 Rb8+ 16. Nb5 Ba6 17. c3 Bxb5 18. Bxb5 Rxb5+ 19. Kc2 Rb2+ 20. Kd3 Rxd2+ 21. Rxd2 Rb8 22. Rhd1 Rb2 23. Rxb2 Qxb2 24. Rd2 Qb1+ 25. Ke2 a5 26. Rd1 Qc2+ 27. Rd2 Qxc3 28. Rd3 Qc4 29. Kd2 a4 30. Ra3 Qb4+ 31. Rc3 a3 32. Kc2 Qb2+ 33. Kd3 a2 34.
Rc2 Qb5+ 35. Kc3 a1=Q+ 36. Kd2 Qd4+ 37. Kc1 Qf1# 0-1

[Event "*** Monthly 3|2 Blitz Masters"]
[Site "Chess.com"]
[Date "2014.10.28"]
[Round "1"]
[White "IMRosen"]
[Black "jbj"]
[Result "1-0"]
[WhiteElo "2000"]
[BlackElo "2293"]
[TimeControl "180+2"]
[EndTime "12:05:25 PDT"]
[Termination "IMRosen won by resignation"]

1. e4 e6 2. d4 d5 3. Nd2 dxe4 4.
Nxe4 Bd7 5. Nf3 Bc6 6. Bd3 Nd7 7. c3 Be7 8. O-O Ngf6 9. Ng3 Bxf3 10. Qxf3 c6 11. Re1 O-O 12. Bf4 Re8 13. Rad1 Qa5 14. a3 Qb6 15. Re2 Rad8 16. Rde1 Bf8 17. h4 c5 18. Be3 cxd4 19. Bxd4 Bc5 20. Bxc5 Nxc5 21. Bc2 Nd3 22. Bxd3 Rd7 23. Bc2 Red8 24. Nh5 Nxh5 25. Qxh5 g6 26. Qg5 Rd5 27. Qf6 Rd2 28. h5 Rxe2 29. Rxe2 Rd6 30. h6 Kf8 31. Bxg6 Rd1+ 32.
Kh2 Qd6+ 33. g3 hxg6 34. h7 Rh1+ 35. Kxh1 Qd1+ 36. Kg2 Qd5+ 37. f3 1-0

[Event "*** Monthly 3|2 Blitz Masters"]
[Site "Chess.com"]
[Date "2014.10.28"]
[Round "1"]
[White "Alexander_Donchenko"]
[Black "brauliocuarta"]
[Result "1-0"]
[WhiteElo "2310"]
[BlackElo "1959"]
[TimeControl "180+2"]
[EndTime "12:05:51 PDT"]
[Termination "Alexander_Donchenko won by resignation"]

1. d4 Nf6 2. c4 c5 3. d5 b5 4. cxb5 a6 5. bxa6 g6 6. Nc3 Bxa6 7. Nf3 Bg7 8. e4 Bxf1 9. Kxf1 d6 10. g3 O-O 11. Kg2 Nbd7 12. a4 Ng4 13. Qe2 Qa5 14. Nd2 Bxc3 15. bxc3 Qxc3 16. Ra3 Qb4 17. Qxg4 Ne5 18.
Qe2 c4 19. Qd1 c3 20. Qb3 Rfb8 21. Qxb4 Rxb4 22. Rxc3 Raxa4 23. Re1 Ra1 24. Nf3 Nd7 25. Rc8+ Kg7 26. Bb2+ Rxb2 27. Rxa1 1-0

[Event "*** Monthly 3|2 Blitz Masters"]
[Site "Chess.com"]
[Date "2014.10.28"]
[Round "1"]
[White "kevin9512"]
[Black "wannabe2700"]
[Result "0-1"]
[WhiteElo "1850"]
[BlackElo "2302"]
[TimeControl "180+2"]
[EndTime "12:06:00 PDT"]
[Termination "wannabe2700 won by resignation"]

1. d4 e6 2. c4 f5 3. Nf3 Nf6 4. g3 Be7 5. Bg2 O-O 6. O-O d6 7. Nc3 Ne4 8. Qc2 Nxc3 9. bxc3 Nc6 10. d5 Na5 11. Nd4 e5 12. Ne6 Bxe6 13. dxe6 c6 14. Qa4 a6 15. Rb1 b5 16. cxb5 axb5 17. Qc2 Qc8 18.
a4 bxa4 19. Qxa4 d5 20. Rb6 Qxe6 21. c4 Nxc4 22. Qxc6 Qxc6 23. Rxc6 e4 24. f3 Rfc8 25.
Re6 Bc5+ 26. Kh1 Ra1 27. fxe4 fxe4 28. Bh3 Rf8 29. Rxf8+ Kxf8 0-1

[Event "*** Monthly 3|2 Blitz Masters"]
[Site "Chess.com"]
[Date "2014.10.28"]
[Round "1"]
[White "Trendle"]
[Black "jcibarra"]
[Result "0-1"]
[WhiteElo "2188"]
[BlackElo "2421"]
[TimeControl "180+2"]
[EndTime "12:06:05 PDT"]
[Termination "jcibarra won by resignation"]

1. e4 c5 2. Nf3 e6 3. g3 Nc6 4. Bg2 Nf6 5. Qe2 d6 6. O-O Be7 7. b3 O-O 8. Bb2 e5 9. c3 Bg4 10. d3 Qd7 11. Nbd2 b5 12. Qe3 b4 13. Nc4 bxc3 14.
Bxc3 Ne8 15. Nfd2 Nc7 16. f4 Nb5 17. Rac1 Nxc3 18. Rxc3 Nd4 19. Bf3 Bh3 20. Bg2 exf4 21. Qf2 fxg3 22. hxg3 Bg4 23. Nf3 Bxf3 24. Bxf3 Rae8 25.
Rcc1 f5 26. Qg2 Bg5 27. Rce1 f4 28. e5 Nxf3+ 29. Qxf3 dxe5 30. Nxe5 Rxe5 31. Rxe5 Qd4+ 32. Kg2 Qxe5 33. gxf4 Bxf4 0-1

[Event "*** Monthly 3|2 Blitz Masters"]
[Site "Chess.com"]
[Date "2014.10.28"]
[Round "1"]
[White "liczner"]
[Black "Palacios-LLera"]
[Result "1-0"]
[WhiteElo "2429"]
[BlackElo "2200"]
[TimeControl "180+2"]
[EndTime "12:06:08 PDT"]
[Termination "liczner won by checkmate"]

1. e4 c5 2. Nf3 Nc6 3. d4 cxd4 4. Nxd4 g6 5. Nc3 Bg7 6. Nb3 a5 7. a4 Nf6 8. Be2 d6 9. O-O O-O 10. Re1 Be6 11. Bf1 Re8 12. Nd5 Bxd5 13. exd5 Nb4 14.
Bb5 Nd7 15. c3 Na6 16. Nxa5 Nc7 17. Bxd7 Qxd7 18. Nc4 Ra6 19. Be3 Qf5 20. Nb6 h5 21. h3 h4 22. Qd2 Kh7 23. Bd4 Bh6 24. Qe2 Nxd5 25. Qb5 Nxb6 26. Qxe8 Nd5 27. Qh8# 1-0

[Event "*** Monthly 3|2 Blitz Masters"]
[Site "Chess.com"]
[Date "2014.10.28"]
[Round "1"]
[White "DaPazz"]
[Black "mokerslag"]
[Result "0-1"]
[WhiteElo "1867"]
[BlackElo "2297"]
[TimeControl "180+2"]
[EndTime "12:06:09 PDT"]
[Termination "mokerslag won by resignation"]

1. Nf3 d5 2. d4 Nf6 3. c4 e6 4. Nc3 Be7 5. Bg5 O-O 6. e3 b6 7. Rc1 Bb7 8. cxd5 Nxd5 9. Bxe7 Qxe7 10. Be2 Nd7 11. O-O c5 12. a3 Rfd8 13. Qc2 Rac8 14. Bd3 g6 15. Qe2 Nxc3 16. Rxc3 cxd4 17. Rxc8 Rxc8 18.
Nxd4 Nc5 19. Bb1 e5 20. Nf3 Ba6 21. Qd2 Bxf1 22. Kxf1 Rd8 23. Qc1 Qd7 24. Ke1 f6 25.
Ba2+ Kg7 26. Bb1 a5 27. h3 a4 28. Ke2 Qb5+ 29. Ke1 Rc8 30. Qd2 Nb3 0-1

[Event "*** Monthly 3|2 Blitz Masters"]
[Site "Chess.com"]
[Date "2014.10.28"]
[Round "1"]
[White "exoticprincess"]
[Black "GMHess"]
[Result "1-0"]
[WhiteElo "2405"]
[BlackElo "2433"]
[TimeControl "180+2"]
[EndTime "12:06:27 PDT"]
[Termination "exoticprincess won by resignation"]

1. e4 e5 2. Nf3 Nc6 3. c3 Nf6 4. d3 Be7 5. Be2 O-O 6. O-O d5 7. Nbd2 h6 8. b4 a6 9. a3 Be6 10. Re1 Qd7 11. Qc2 Rad8 12. Nf1 Rfe8 13. Ng3 Bf8 14.
h3 Qd6 15. Bf1 dxe4 16. dxe4 Ne7 17. c4 Ng6 18. Bb2 c5 19. b5 axb5 20. cxb5 c4 21.
Bc3 Qc7 22. Qb2 Bc8 23. Rac1 Bc5 24. Bxc4 Bxf2+ 25. Kxf2 Qc5+ 26. Bd4 1-0

[Event "*** Monthly 3|2 Blitz Masters"]
[Site "Chess.com"]
[Date "2014.10.28"]
[Round "1"]
[White "MichiganEagle"]
[Black "dsanchez1973"]
[Result "1-0"]
[WhiteElo "2297"]
[BlackElo "1850"]
[TimeControl "180+2"]
[EndTime "12:06:29 PDT"]
[Termination "MichiganEagle won by resignation"]

1. d4 d5 2. Nf3 c6 3. c4 e6 4. e3 Nf6 5. Nbd2 Nbd7 6. b3 Bd6 7. Bd3 O-O 8. Bb2 Re8 9. Ne5 Nf8 10. O-O Bxe5 11.
dxe5 N6d7 12. f4 Qb6 13. Qf3 Ng6 14. Kh1 Ne7 15. e4 a5 16. exd5 cxd5 17. cxd5 Nxd5 18. Nc4 Qa7 19. Nd6 Rf8 20. f5 Qe3 21. fxe6 fxe6 22.
Qxe3 Nxe3 23. Rfe1 Ng4 24. Bc4 Nb6 25. Be2 Nf2+ 26.
Kg1 Ne4 27. Nxe4 1-0

[Event "*** Monthly 3|2 Blitz Masters"]
[Site "Chess.com"]
[Date "2014.10.28"]
[Round "1"]
[White "David_Klein"]
[Black "alexsuper1987"]
[Result "1-0"]
[WhiteElo "2341"]
[BlackElo "2007"]
[TimeControl "180+2"]
[EndTime "12:06:42 PDT"]
[Termination "David_Klein won by resignation"]

1. e4 Nc6 2. Nf3 f5 3. exf5 d5 4.
d4 Bxf5 5. Bb5 Nf6 6. O-O g6 7. Ne5 Bd7 8. Bxc6 Bxc6 9. Re1 Bd7 10. Nc3 Bg7 11. Bg5 O-O 12. Bxf6 exf6 13. Nxd7 Qxd7 14. Qf3 c6 15. Nd1 Rae8 16. Ne3 Re4 17. c3 Rfe8 18.
Nc2 Rxe1+ 19. Rxe1 Rxe1+ 20. Nxe1 Qe6 21. Nd3 Bh6 22. g3 Qe4 23. Kg2 Qxf3+ 24. Kxf3 b6 25. Nb4 Bc1 26. Nd3 Bh6 27. Nb4 Bc1 28. b3 Bd2 29.
Nxc6 Bxc3 30. Ke3 Kf7 31. Nxa7 Ke6 32. Nb5 Bb2 33. Kd2 Kd7 34. Kc2 Ba1 35. Kb1 Kc6 36.
a4 Bxd4 37. Nxd4+ Kc5 38. Nc2 1-0

[Event "*** Monthly 3|2 Blitz Masters"]
[Site "Chess.com"]
[Date "2014.10.28"]
[Round "1"]
[White "GeorgMeier"]
[Black "marabu44"]
[Result "1-0"]
[WhiteElo "2524"]
[BlackElo "2223"]
[TimeControl "180+2"]
[EndTime "12:06:45 PDT"]
[Termination "GeorgMeier won by checkmate"]

1. Nf3 d5 2. g3 Nf6 3. Bg2 g6 4. O-O Bg7 5. d4 O-O 6. Nbd2 Nbd7 7. c4 c6 8. b3 Nb6 9. Bb2 Bf5 10. Rc1 Be4 11.
e3 Bd3 12. Re1 Ne4 13. Nxe4 Bxe4 14. Bf1 Rc8 15. Nd2 Bf5 16. Qe2 Qd7 17. e4 dxe4 18. Nxe4 Bxd4 19. Rcd1 c5 20. Nxc5 Rxc5 21. Bxd4 Qc7 22.
Bxc5 Qxc5 23. Qxe7 Qc8 24. Bg2 Nd7 25. Rd5 Nb6 26. Rd6 Qc5 27. Qe5 Qb4 28. Red1 Bg4 29. R1d2 Qa3 30. h3 Bf5 31. g4 Bb1 32. c5 Nc8 33. Rd8 Bxa2 34. Rxf8+ Kxf8 35. Rd8# 1-0

[Event "*** Monthly 3|2 Blitz Masters"]
[Site "Chess.com"]
[Date "2014.10.28"]
[Round "1"]
[White "KaydenTroffChess"]
[Black "WanderingPuppet"]
[Result "1-0"]
[WhiteElo "2357"]
[BlackElo "2067"]
[TimeControl "180+2"]
[EndTime "12:07:27 PDT"]
[Termination "KaydenTroffChess won by resignation"]

1. d4 Nf6 2. c4 g6 3. Nc3 Bg7 4. e4 d6 5. Nf3 O-O 6. Be2 e5 7. O-O Nc6 8. d5 Ne7 9. Ne1 Nd7 10. Be3 f5 11. f3 f4 12. Bf2 g5 13. Rc1 Ng6 14. c5 Nxc5 15. b4 Na6 16. Nb5 h5 17. Nd3 Rf7 18. Be1 Bf8 19. Nf2 Rg7 20. Bd2 Bd7 21.
a4 Nh4 22. h3 Be7 23. Rc4 g4 24.
fxg4 Nxg2 25. Kxg2 Bh4 26. Be1 Bg3 27. Nh1 hxg4 28. hxg4 Bxb5 29. axb5 Nb8 30. Bxg3 fxg3 31. Nxg3 Nd7 32. Nf5 Rg6 33. Rh1 Nf6 34. Rh6 Rxh6 35. Nxh6+ Kg7 36. Nf5+ Kf7 37. g5 1-0

[Event "*** Monthly 3|2 Blitz Masters"]
[Site "Chess.com"]
[Date "2014.10.28"]
[Round "1"]
[White "XeresLt"]
[Black "chesstatour"]
[Result "1-0"]
[WhiteElo "2281"]
[BlackElo "1796"]
[TimeControl "180+2"]
[EndTime "12:07:33 PDT"]
[Termination "XeresLt won by resignation"]

1. e4 c6 2. d4 d5 3. Nc3 dxe4 4. Nxe4 Nf6 5. Nxf6+ gxf6 6. g3 Bf5 7. Bg2 e6 8. Ne2 h5 9. h4 Bd6 10. Bf4 Qc7 11.
O-O Nd7 12. c4 Bg4 13. Bxd6 Qxd6 14. d5 cxd5 15. cxd5 e5 16. Re1 O-O 17. Qd3 Kg7 18. Rac1 Rac8 19. f3 Nc5 20. Qe3 Bd7 21. f4 Rfe8 22. Qa3 a6 23. fxe5 fxe5 24. Rf1 Bb5 25. Rf2 b6 26. Rcf1 Re7 27. Qf3 Qg6 28. Bh3 e4 29. Qc3+ Kh7 30. Bf5 e3 31. Bxg6+ fxg6 32. Rf7+ Rxf7 33. Rxf7+ 1-0

[Event "*** Monthly 3|2 Blitz Masters"]
[Site "Chess.com"]
[Date "2014.10.28"]
[Round "1"]
[White "GedoGluperd"]
[Black "Danesz22"]
[Result "0-1"]
[WhiteElo "2306"]
[BlackElo "2259"]
[TimeControl "180+2"]
[EndTime "12:07:35 PDT"]
[Termination "Danesz22 won by resignation"]

1. d4 Nf6 2. Bg5 d5 3. Bxf6 exf6 4. e3 c6 5. c4 Qb6 6. Qd2 dxc4 7. Bxc4 Bb4 8. Nc3 O-O 9. Nge2 Rd8 10. a3 Bf8 11. O-O Na6 12. Rac1 c5 13. d5 Nc7 14. e4 Ne8 15. Rcd1 Nd6 16. Ba2 Re8 17. Ng3 Bd7 18. Kh1 g6 19. f4 h5 20. e5 fxe5 21. fxe5 Rxe5 22. Qf4 Bg7 23. Nce4 Nf5 24. d6 h4 25. Nxf5 Rxf5 26. Qxh4 Qxb2 27. Ng5 Qxa2 28. Rxf5 Bxf5 29. h3 Qe2 30. Re1 Qh5 31. Qf4 Bh6 32. d7 Qxg5 33.
Re8+ Kg7 34. Qe5+ Qf6 35. Qxc5 Qa1+ 36. Kh2 Bf4+ 37. g3 Qb2+ 38. Kg1 Qc1+ 39. Qxc1 Bxc1 40. Rxa8 Bxd7 41. Kg2 Bc6+ 42. Kf2 Bxa3 43. Ke3 Bc5+ 0-1

[Event "*** Monthly 3|2 Blitz Masters"]
[Site "Chess.com"]
[Date "2014.10.28"]
[Round "1"]
[White "HZMC92"]
[Black "Th3ChessViking"]
[Result "1-0"]
[WhiteElo "2165"]
[BlackElo "2387"]
[TimeControl "180+2"]
[EndTime "12:07:46 PDT"]
[Termination "HZMC92 won on time"]

1. d4 Nf6 2. c4 c5 3. e3 g6 4. Nf3 Bg7 5. Nc3 O-O 6. Be2 d5 7.
cxd5 Nxd5 8. O-O cxd4 9. exd4 Nc6 10. Bg5 Bg4 11. h3 Bf5 12. a3 h6 13. Bh4 Nf4 14.
Bg3 Nxe2+ 15. Nxe2 Be4 16. Ne5 Nxe5 17. Bxe5 f6 18. Bg3 Bd5 19. Nc3 Rc8 20. Re1 Rf7 21. Qa4 a6 22. Qb4 Bf8 23. Qa4 e6 24. Qc2 f5 25. Qd2 g5 26. Be5 Rd7 27. Rac1 Rc6 28. Nxd5 Rxd5 29. Rxc6 bxc6 30. Qc2 c5 31. g4 cxd4 32.
gxf5 d3 33. Qc6 d2 34. Qxe6+ Kh7 35. Qf7+ 1-0

[Event "*** Monthly 3|2 Blitz Masters"]
[Site "Chess.com"]
[Date "2014.10.28"]
[Round "1"]
[White "Nouki"]
[Black "ruzomberok"]
[Result "1-0"]
[WhiteElo "2600"]
[BlackElo "2245"]
[TimeControl "180+2"]
[EndTime "12:08:10 PDT"]
[Termination "Nouki won by checkmate"]

1. d4 Nf6 2. c4 g6 3. Nc3 Bg7 4. Nf3 O-O 5. Bg5 d6 6. e3 c5 7. d5 h6 8. Bh4 g5 9. Bg3 Nh5 10. Nd2 Nxg3 11. hxg3 e6 12. dxe6 Bxe6 13. Be2 Nd7 14.
Rc1 a6 15. O-O f5 16. Bf3 Rb8 17. b3 Ne5 18. Bd5 Qe8 19. Nf3 Ng4 20. Bxe6+ Qxe6 21. Qd5 Qxd5 22. Nxd5 b5 23. Rfd1 Ne5 24. Nxe5 Bxe5 25. Ne7+ Kh7 26. Nc6 Rbc8 27. Nxe5 dxe5 28. Rd5 Rfd8 29.
Rcd1 Rxd5 30. Rxd5 bxc4 31. bxc4 a5 32. Rxe5 Kg6 33.
Re6+ Kh5 34. f3 Rb8 35. Rf6 Rb4 36. Rxf5 Rxc4 37. Rf6 g4 38. f4 a4 39. Rc6 Rc3 40. e4 a3 41. e5 Rc2 42. f5 Kg5 43. f6 Kg6 44. Rc7 Rxa2 45. Rg7+ Kh5 46. f7 Ra1+ 47. Kf2 a2 48. f8=Q Rf1+ 49. Kxf1 a1=Q+ 50. Kf2 Qd4+ 51. Ke2 Qc4+ 52. Ke1 Qc1+ 53. Kf2 Qb2+ 54. Kg1 Qd4+ 55. Kh2 Qxe5 56. Qf7# 1-0

[Event "*** Monthly 3|2 Blitz Masters"]
[Site "Chess.com"]
[Date "2014.10.28"]
[Round "1"]
[White "DanielRensch"]
[Black "gumersindo"]
[Result "0-1"]
[WhiteElo "2361"]
[BlackElo "2138"]
[TimeControl "180+2"]
[EndTime "12:08:15 PDT"]
[Termination "gumersindo won by checkmate"]

1. d4 d5 2. Nc3 Nf6 3. Bf4 e6 4. e3 Bd6 5. Bg3 O-O 6. a3 a6 7. Bd3 c5 8. dxc5 Bxc5 9. Nf3 Nc6 10. O-O Bd6 11. e4 Bxg3 12. hxg3 d4 13. Ne2 e5 14. c3 dxc3 15. Nxc3 Be6 16. Re1 Qc7 17.
Nd5 Qd8 18. Qe2 Nxd5 19. exd5 Bxd5 20. Rad1 Qf6 21. Bxh7+ Kxh7 22. Rxd5 Rad8 23. Nxe5 Rxd5 24. Qe4+ Kg8 25. Qxd5 Rd8 26. Qc5 Re8 27. f4 Nxe5 28. Rxe5 Rd8 29. Qe3 Qc6 30. g4 Rd1+ 31. Kh2 Rd8 32.
Kg3 Qc2 33. Re8+ Rxe8 34. Qxe8+ Kh7 35. Qxf7 Qxb2 36. f5 Qxa3+ 37. Kh4 Qb4 38. Qg6+ Kh8 39. Qh5+ Kg8 40. Qe8+ Kh7 41. Kh5 Qd6 42. Kg5 Qh6# 0-1

[Event "*** Monthly 3|2 Blitz Masters"]
[Site "Chess.com"]
[Date "2014.10.28"]
[Round "1"]
[White "AlmirDzhumaev"]
[Black "vovkcoach"]
[Result "0-1"]
[WhiteElo "2210"]
[BlackElo "2517"]
[TimeControl "180+2"]
[EndTime "12:08:17 PDT"]
[Termination "vovkcoach won by resignation"]

1. e4 c5 2. Nc3 e6 3. g3 b6 4. Bg2 Bb7 5. d3 Nf6 6. f4 d5 7. exd5 Nxd5 8. Nxd5 Bxd5 9. Bxd5 Qxd5 10. Qf3 Nc6 11. Qxd5 exd5 12. Bd2 Kd7 13. O-O-O Bd6 14.
Nf3 h5 15. Rde1 Rae8 16. Bc3 f6 17. a3 b5 18. b3 a5 19. Bb2 d4 20. Kd2 a4 21. Rxe8 Rxe8 22. Re1 Ra8 23. bxa4 Rxa4 24. c3 dxc3+ 25. Kxc3 Ne7 26. Kb3 Nf5 27. Re4 Ra8 28. Re1 Kc6 29. Re6 Kd5 30. Re1 c4+ 31. dxc4+ bxc4+ 32. Ka2 c3 33. Bxc3 Bxa3 34. Kb3 Bc5 35. Nd2 Ne3 36. Nf1 Ra3+ 37. Kb2 Nc4+ 38. Kc2 Ra2+ 39. Kb3 Ra3+ 40. Kc2 Bb6 41. Rd1+ Ke4 42. Nd2+ Nxd2 43. Bxd2 Kf3 44. Rb1 Be3 45. Bxe3 Rxe3 46. Rb7 g5 47.
fxg5 fxg5 48. Rh7 Re2+ 49. Kd3 Rxh2 50. Rg7 g4 0-1

[Event "*** Monthly 3|2 Blitz Masters"]
[Site "Chess.com"]
[Date "2014.10.28"]
[Round "1"]
[White "Carolina-moon"]
[Black "JamesColeman"]
[Result "0-1"]
[WhiteElo "2065"]
[BlackElo "2351"]
[TimeControl "180+2"]
[EndTime "12:08:26 PDT"]
[Termination "JamesColeman won on time"]

1. e4 e5 2. Nf3 Nc6 3. Bb5 Nf6 4. d3 Bc5 5. O-O Nd4 6. Nxd4 Bxd4 7. c3 Bb6 8. Be3 c6 9. Ba4 O-O 10. Nd2 d5 11.
Bg5 h6 12. Bh4 Qd6 13. Qf3 g5 14. Bg3 Bg4 15. Bxe5 Qxe5 16. Qg3 Qxg3 17. hxg3 Be2 18. Rfe1 Bxd3 19. exd5 cxd5 20. Nf3 Ne4 21. Nd4 Bxd4 22. cxd4 Rac8 23. f3 Nf6 24. Re3 Bc2 25. Bb5 a6 26. Bf1 Rfe8 27. Rae1 Rxe3 28. Rxe3 Kf8 29. Kf2 Bg6 30. a4 Rc2+ 31. Kg1 Rxb2 32. Rc3 Rc2 33. Rb3 Rc7 34. Rb6 Nd7 35. Rd6 Ke7 36. Rxd5 Rc1 37. Kf2 Nf6 38. Re5+ Kd6 39. Re3 Nd5 40. Rb3 b6 41.
Bxa6 Rc2+ 42. Kg1 Rc3 43. Rb2 Bd3 44. Bb7 Rc1+ 45. Kh2 Rc2 46. Rb3 Bf1 47. Bxd5 Kxd5 48. Rxb6 Rxg2+ 49. Kh1 Rxg3 50. Rf6 Bg2+ 51. Kh2 Rxf3 52.
Rxh6 Rh3+ 53. Rxh3 Bxh3 54. Kxh3 Kxd4 55. Kg4 f6 56. a5 Kc5 57. Kf5 Kb5 0-1

[Event "*** Monthly 3|2 Blitz Masters"]
[Site "Chess.com"]
[Date "2014.10.28"]
[Round "1"]
[White "Fischwitsch"]
[Black "Time2Pretend"]
[Result "1/2-1/2"]
[WhiteElo "2056"]
[BlackElo "2329"]
[TimeControl "180+2"]
[EndTime "12:08:27 PDT"]
[Termination "Game drawn by repetition"]

1. Nf3 d5 2. c4 e6 3. g3 Nf6 4.
Bg2 dxc4 5. Na3 Bxa3 6. bxa3 b5 7. Bb2 Bb7 8. a4 a6 9. axb5 axb5 10. a4 b4 11. Qc2 Bd5 12. O-O Nbd7 13. Rfd1 Nc5 14. d3 c3 15. Bxc3 bxc3 16. Qxc3 Nxa4 17. Qb4 Nb6 18.
Rac1 Qd6 19. Qc3 O-O 20. e4 Bb7 21. e5 Qd8 22. exf6 Nd5 23. Qb2 Rb8 24. fxg7 Re8 25. h4 Nf4 26. Qd2 Nxg2 27. Kxg2 Qd5 28. Qe3 Ba8 29.
Rc5 Qb7 30. Rdc1 Rbc8 31. h5 h6 32. R1c4 Red8 33. Rf4 Rd5 34. Rxd5 Qxd5 35. Rf6 Qxh5 36. Kg1 Bxf3 37. Rxf3 Kxg7 38. Qd4+ e5 39. Qd7 Qxf3 40. Qxc8 Qd1+ 41. Kg2 Qxd3 42. Qxc7 e4 43. Qf4 Qd5 44.
Qg4+ Kh7 45. Kg1 f5 46. Qf4 Qd7 47. Kg2 Qe6 48. Qe3 Kg6 49. Qf4 Qd5 50. Kg1 Qd1+ 51. Kg2 Qg4 52. Qd6+ Kh5 53. Qf6 Qf3+ 54. Kg1 e3 55.
Qf7+ Kg5 56. Qg7+ Kh5 57. Qf7+ Kg5 58. Qg7+ Kh5 59. Qf7+ Kg5 1/2-1/2

[Event "*** Monthly 3|2 Blitz Masters"]
[Site "Chess.com"]
[Date "2014.10.28"]
[Round "1"]
[White "Iran_Chess_Trainer"]
[Black "THORK"]
[Result "0-1"]
[WhiteElo "2389"]
[BlackElo "2154"]
[TimeControl "180+2"]
[EndTime "12:08:32 PDT"]
[Termination "THORK won on time"]

1. b3 b6 2. Bb2 Bb7 3. e3 e6 4. f4 c5 5. Nf3 a6 6. Bd3 d6 7. O-O Nd7 8. Qe1 Ngf6 9. Qg3 h6 10. Nc3 Qc7 11. Rae1 d5 12. Ne5 Rg8 13. Nxd7 Nxd7 14. Nd1 O-O-O 15. c4 g6 16. cxd5 exd5 17.
Qh3 f5 18. Nf2 h5 19. Qh4 Bd6 20. Nh3 Rde8 21. Ng5 Re7 22. Rc1 Kb8 23. Qf2 Rge8 24.
Rc2 b5 25. Rfc1 c4 26. Bf1 Nc5 27. Bd4 Qd7 28. bxc4 dxc4 29. d3 Nxd3 30. Bxd3 cxd3 31. Rd2 Be4 32. a4 Qb7 33. axb5 axb5 34. Rb1 b4 35. Qf1 Rc8 36. Ra2 Rc2 37. Ra7 Rxg2+ 38. Qxg2 Bxg2 39. Rxb7+ Bxb7 40. Kf2 Be4 41. Nf3 Kb7 42.
Rb2 Kc6 43. Nd2 Kd5 44. Ra2 Rc7 45. Ra5+ Ke6 46. Nb3 Rc2+ 47. Kg3 Rg2+ 48. Kh3 Rc2 49. Ra6 Kd5 50. Ra5+ Kc4 51. Na1 b3 52. Ra4+ Bb4 53. Nxc2 bxc2 0-1

[Event "*** Monthly 3|2 Blitz Masters"]
[Site "Chess.com"]
[Date "2014.10.28"]
[Round "1"]
[White "GMNeiksans"]
[Black "oggy1984"]
[Result "1-0"]
[WhiteElo "2494"]
[BlackElo "2205"]
[TimeControl "180+2"]
[EndTime "12:09:03 PDT"]
[Termination "GMNeiksans won on time"]

1. e4 c5 2. Nf3 e6 3. d4 cxd4 4. Nxd4 Nf6 5. Nc3 d6 6. Be2 a6 7. f4 Be7 8. O-O Qc7 9. Be3 Nc6 10. Qe1 Bd7 11. Rd1 O-O 12. Qg3 Nxd4 13. Bxd4 Bc6 14.
Kh1 Rfc8 15. Bd3 b5 16. e5 Nh5 17. Qh3 g6 18. Qe3 Qb7 19. Rd2 Rd8 20. Ne4 dxe5 21. fxe5 Ng7 22. Nf6+ Bxf6 23. exf6 Ne8 24. Qh6 Rd5 25.
Be3 Rh5 26. Qf4 Rd8 27. Kg1 b4 28. h3 a5 29. Kh2 Qc7 30. Qxc7 Nxc7 31. Bb6 Rd7 32.
Rff2 Na8 33. Be3 Rhd5 34. Bf4 a4 35. b3 a3 36. Rde2 Nb6 37. Bd2 Rd4 38. Be3 Bb7 39.
Bxd4 Rxd4 40. Rd2 e5 41. Bf1 1-0

[Event "*** Monthly 3|2 Blitz Masters"]
[Site "Chess.com"]
[Date "2014.10.28"]
[Round "2"]
[White "brauliocuarta"]
[Black "kevin9512"]
[Result "1/2-1/2"]
[WhiteElo "1957"]
[BlackElo "1852"]
[TimeControl "180+2"]
[EndTime "12:11:54 PDT"]
[Termination "Game drawn by agreement"]

1. d4 Nf6 2. c4 e6 3. Nc3 Bb4 4. e3 c5 5. Ne2 b6 6. a3 Ba5 7. Rb1 Na6 8. g3 Bb7 9. d5 b5 10. Bg2 bxc4 11. O-O exd5 12. Nxd5 Nxd5 13. Bxd5 Bc6 1/2-1/2

[Event "*** Monthly 3|2 Blitz Masters"]
[Site "Chess.com"]
[Date "2014.10.28"]
[Round "2"]
[White "Danesz22"]
[Black "HZMC92"]
[Result "1-0"]
[WhiteElo "2362"]
[BlackElo "2153"]
[TimeControl "180+2"]
[EndTime "12:14:26 PDT"]
[Termination "Danesz22 won by resignation"]

1. e4 c5 2. Nf3 d6 3. d4 cxd4 4.
Nxd4 Nf6 5. Nc3 g6 6. Be3 Bg7 7. f3 O-O 8. Qd2 Nc6 9. Bc4 Bd7 10. O-O-O Rc8 11. Bb3 Ne5 12. h4 Nc4 13. Bxc4 Rxc4 14. Kb1 b5 15. b3 Rc5 16. Ne6 fxe6 17. Bxc5 dxc5 18. e5 Nd5 19. Nxd5 Bxe5 20. Qg5 Bg7 21. h5 Rf5 22. Nxe7+ Kf7 23. hxg6+ Kf8 24. Rxd7 Qxd7 25.
Nxf5 exf5 26. gxh7 Qd4 27. Qxg7+ 1-0

[Event "*** Monthly 3|2 Blitz Masters"]
[Site "Chess.com"]
[Date "2014.10.28"]
[Round "2"]
[White "marabu44"]
[Black "AlmirDzhumaev"]
[Result "1/2-1/2"]
[WhiteElo "2223"]
[BlackElo "2210"]
[TimeControl "180+2"]
[EndTime "12:14:59 PDT"]
[Termination "Game drawn by agreement"]

1. Nf3 d5 2. b3 Nf6 3. Bb2 e6 4. e3 Be7 5. Be2 b6 6. O-O Bb7 7. d3 c5 8. Nbd2 Nc6 9. Ne5 O-O 10.
Ndf3 Nxe5 11. Nxe5 Nd7 12. f4 f6 13. Nxd7 Qxd7 14.
Bf3 Bd6 15. Qe1 Rae8 16. Qh4 e5 17. Rae1 exf4 18. exf4 d4 19. Bc1 Bxf3 20. Rxf3 Rxe1+ 21. Qxe1 Re8 22. Qf1 f5 23. a4 Re6 24. Rf2 Qe7 25. Bd2 Qh4 26. g3 Qg4 27. Rf3 h6 28. Kg2 Kh7 29.
Qd1 Qg6 30. Rf2 Qe8 31. Qf3 Qe7 32. h4 g6 33. Kg1 h5 34. Kg2 Kg7 35. Kg1 Kf7 36.
Kg2 a6 37. Qa8 a5 38. Qd5 Kg7 39. Qf3 1/2-1/2

[Event "*** Monthly 3|2 Blitz Masters"]
[Site "Chess.com"]
[Date "2014.10.28"]
[Round "2"]
[White "jcibarra"]
[Black "JamesColeman"]
[Result "1-0"]
[WhiteElo "2442"]
[BlackElo "2342"]
[TimeControl "180+2"]
[EndTime "12:15:01 PDT"]
[Termination "jcibarra won by resignation"]

1. e4 e5 2. Nf3 Nc6 3. Bb5 Nf6 4.
O-O Nxe4 5. d4 Nd6 6. dxe5 Nxb5 7.
a4 Nbd4 8. Nxd4 Nxd4 9. Qxd4 d5 10. Nc3 c6 11. Qd3 Be7 12. Qg3 g6 13. Bh6 Be6 14.
a5 Bf8 15. Bxf8 Kxf8 16. Ne2 Kg7 17. Nd4 c5 18. Nb5 d4 19. Nd6 Qd7 20. f4 f5 21.
exf6+ Kxf6 22. Qg5+ Kg7 23. Qe5+ Kg8 24. f5 Bf7 25. fxg6 Bxg6 26. Rae1 Rd8 27. Rf6 1-0

[Event "*** Monthly 3|2 Blitz Masters"]
[Site "Chess.com"]
[Date "2014.10.28"]
[Round "2"]
[White "Nouki"]
[Black "Alexander_Donchenko"]
[Result "1-0"]
[WhiteElo "2603"]
[BlackElo "2305"]
[TimeControl "180+2"]
[EndTime "12:15:03 PDT"]
[Termination "Nouki won by resignation"]

1. Nf3 c5 2. c4 Nc6 3. Nc3 Nd4 4.
e3 Nxf3+ 5. Qxf3 g6 6. b3 Bg7 7.
Bb2 d6 8. g4 Rb8 9. Bg2 Bd7 10.
h4 Bc6 11. Qg3 Bxg2 12. Qxg2 h5 13. g5 e6 14. O-O-O Ne7 15. Ne4 O-O 16. Nf6+ Kh8 17. d4 cxd4 18. Rxd4 Ng8 19. Rhd1 Nxf6 20. Rxd6 Qe7 21.
gxf6 Bxf6 22. f4 Rfe8 23. Kc2 Bxb2 24. Kxb2 Qxh4 25. Rd7 Qf6+ 26. Ka3 Red8 27. Qe4 Kg8 28.
Qe5 Rxd7 29. Qxb8+ Kg7 30. Rxd7 Qc3 31. Qe8 Qc1+ 32. Ka4 b5+ 33. cxb5 1-0